 Dungeon Crawl Stone Soup version 0.28.0-43-g3370ac3207 (webtiles) character file.

Game seed: 14506613640202144624

28 adizb the Skirmisher (level 2, -2/25 HPs)
             Began as a Palentonga Fighter on Mar 14, 2022.
             Slain by a gnoll
             ... wielding a +0 halberd
              (13 damage)
             ... on level 2 of the Dungeon.
             The game lasted 00:03:31 (753 turns).

adizb the Skirmisher (Palentonga Fighter)            Turns: 753, Time: 00:03:39

Health: -2/25      AC:  6    Str: 19    XL:     2   Next: 96%
Magic:  2/2        EV:  7    Int:  8    God:
Gold:   53         SH:  4    Dex:  9    Spells: 1/1 levels left

rFire   . . .      SeeInvis +   a - +0 flail
rCold   . . .      Faith    .   c - +0 buckler
rNeg    . . .      Spirit   .   b - +0 scale mail
rPois   .          Reflect  .   (no helmet)
rElec   .          Harm     .   (no cloak)
rCorr   .          Rampage  .   (no gloves)
Will    .....                   (no barding)
Stlth   ..........              (no amulet)
HPRegen 0.08/turn               (no ring)
MPRegen 0.08/turn               (no ring)

@: no status effects
A: large, rugged brown scales 3, see invisible, deformed body, roll 1, armoured
tail
a: Rolling Charge


You were on level 2 of the Dungeon.
You visited 1 branch of the dungeon, and saw 2 of its levels.

You collected 53 gold pieces.

Inventory:

Hand Weapons
 a - a +0 flail (weapon)
Armour
 b - a +0 scale mail (worn)
 c - a +0 buckler (worn)
 e - a +0 chain mail
Scrolls
 f - a scroll of identify {unknown}
 h - a scroll of noise {unknown}
 i - a scroll of enchant weapon {unknown}
Potions
 d - a potion of might
 g - a potion of curing {unknown}


   Skills:
 + Level 3.2 Fighting
 + Level 2.3 Maces & Flails
 + Level 2.6 Armour
 + Level 0.7 Dodging
 + Level 2.6 Shields


You had one spell level left.
You didn't know any spells.
Your spell library contained the following spells:

 Spells                   Type           Power      Damage    Failure   Level
 Freezing Cloud           Conj/Ice/Air   0%         6-21      100%        5
 Simulacrum               Ice/Necr       0%         N/A       100%        6
 Polar Vortex             Ice            0%         N/A       100%        9


Dungeon Overview and Level Annotations

Branches:
Dungeon (2/15)

Altars:

Shops:
D:1 *


Innate Abilities, Weirdness & Mutations

You are completely covered in rugged brown scales. (AC +3, +7% HP)
You have supernaturally acute eyesight. (SInv)
Armour fits poorly on your strangely shaped body.
You can roll at nearby foes to attack.
You have a long armoured tail.


Message History

You pick up a book of Ice and begin reading...
You add the spells Freezing Cloud, Simulacrum and Polar Vortex to your library.
You see here a hobgoblin corpse.
There is a stone staircase leading down here.
Okay, then.
You climb downwards.
Found a scroll labelled WACLETZ LESE and 14 gold pieces.
Found a stone staircase leading down.
There is a stone staircase leading up here.
A kobold comes into view. It is wielding a +0 dagger.
The kobold shouts!
A gnoll comes into view. It is wielding a +0 halberd.
Roll where?
Press: ? - help, Q - select action Dir - move target, f - kobold
Aim: a kobold, wielding a +0 dagger You roll forward with a clatter of scales!
Found an escape hatch in the floor.
You hit the kobold.
The kobold is heavily wounded.
You hear a shout! x3
A gnoll comes into view. It is wielding a +0 spear.
The kobold hits you but does no damage.
You hit the kobold.
You kill the kobold!
You see here a scroll labelled WACLETZ LESE.
A gnoll comes into view. It is wielding a +0 halberd.
The gnoll hits you from afar with a +0 halberd.
There is a stone staircase leading up here.
Roll where?
Press: ? - help, Q - select action Dir - move target, f - gnoll
Aim: a gnoll, wielding a +0 spear You roll forward with a clatter of scales!
A gnoll comes into view. It is wielding a +0 flail.
You sock the gnoll!
The gnoll is severely wounded.
You hear a shout!
The gnoll hits you with a +0 halberd! The gnoll hits you with a +0 spear.
The gnoll hits you with a +0 halberd!
Ouch! That really hurt!
You die...

####### #
##..☼..#...
#####?..○.......
#.)...g@........
#.......g........
#.................
#.....$.g.........
#.................
#.....>g..........
#................
##...>...........


You could see 4 gnolls.

Vanquished Creatures
  2 dart slugs (D:1)
  2 ball pythons (D:1)
  2 endoplasms (D:1)
  2 giant cockroaches (D:1)
  A goblin (D:1)
  3 hobgoblins (D:1)
  A quokka (D:1)
  A bat (D:1)
  2 frilled lizards (D:1)
  3 kobolds
  2 rats (D:1)
21 creatures vanquished.

Notes
Turn   | Place    | Note
-------+----------+-------------------------------------------
     0 | D:1      | adizb the Palentonga Fighter began the quest for the Orb.
     0 | D:1      | Reached XP level 1. HP: 19/19 MP: 1/1
   193 | D:1      | Reached XP level 2. HP: 24/25 MP: 2/2
   535 | D:1      | Found Viusson's General Store.
   753 | D:2      | Slain by a gnoll

Illustrated notes

Levels and vault maps discovered:
D:1:      scummos_arrival_simple_fountains, layout_loops_ring, serial_shops,
          shop, minivault_19
D:2:      minmay_inner_zag, layout_rooms, shapermc_ecumenical_altar_petra

Action                   || total
-------------------------++-------
Melee: Flail             ||    39
       Tailslap          ||     4
 Abil: Rolling Charge    ||    15
Armor: Scale mail        ||    16
Dodge: Dodged            ||     7
Block: Buckler           ||     6
